 Dungeon Crawl Stone Soup version 0.24-a0-530-g18ba70b503 (webtiles) character file.

Game seed: 14767647444767373370

273 Froggeryz the Stinger (level 6, -2/45 HPs)
             Began as a Draconian Venom Mage on Aug 8, 2019.
             Killed by divine providence
             ... invoked by an orc priest
              (14 damage)
             ... on level 3 of the Dungeon.
             The game lasted 00:08:06 (2488 turns).

Froggeryz the Stinger (Draconian Venom Mage)        Turns: 2488, Time: 00:08:07

Health: -2/45      AC:  6    Str: 11    XL:     6   Next: 3%
Magic:  2/9        EV: 12    Int: 17    God:
Gold:   129        SH:  0    Dex: 11    Spells: 4/9 levels left

rFire    . . .     SeeInvis .   h - +2 dagger (holy)
rCold    . . .     Gourm    .   (no shield)
rNeg     . . .     Faith    .   (armour unavailable)
rPois    .         Spirit   .   (helmet restricted)
rElec    .         Reflect  .   (no cloak)
rCorr    .         Harm     .   (no gloves)
MR       .....                  (no boots)
Stlth    ++........             (no amulet)
HPRegen  0.15/turn              (no ring)
MPRegen  0.11/turn              (no ring)

@: lethally poisoned (-2 -> -3), starving
A: unfitting armour, cold-blooded, AC +6
a: no special abilities


You were on level 3 of the Dungeon.
You were starving.

You visited 1 branch of the dungeon, and saw 4 of its levels.

You collected 129 gold pieces.

Inventory:

Hand Weapons
 h - a +2 dagger of holy wrath (weapon)
Missiles
 p - 3 silver javelins (quivered)
Scrolls
 a - a scroll of immolation {unknown}
 c - a scroll of enchant weapon {unknown}
 e - a scroll of remove curse {unknown}
 f - 2 scrolls of identify {unknown}
 i - a scroll of teleportation {unknown}
 m - a scroll of fear {unknown}
 n - a scroll of fog {unknown}
Potions
 d - 2 potions of might {unknown}
 g - a potion of haste {unknown}
 j - 2 potions of degeneration {unknown}
 k - 2 potions of curing {unknown}
 l - a potion of mutation {unknown}
 o - a potion of berserk rage {unknown}
Comestibles
 b - 4 rations


   Skills:
 - Level 1.7 Dodging
 - Level 1.7 Stealth
 - Level 2.2 Spellcasting
 - Level 1.0 Conjurations
 * Level 6.7 Poison Magic


You had 4 spell levels left.
You knew the following spells:

 Your Spells              Type           Power        Failure   Level  Hunger
a - Sting                 Conj/Pois      ###.         3%          1    #......
b - Olgreb's Toxic Radia  Pois           ###.....     12%         4    #####..

Your spell library contained the following spells:

 Spells                   Type           Power        Failure   Level  Hunger
 Poisonous Vapours        Pois/Air       ##....       7%          2    ###....
 Mephitic Cloud           Conj/Pois/Air  ##......     21%         3    ###....
 Venom Bolt               Conj/Pois      ###.......   71%         5    ######.


Dungeon Overview and Level Annotations

Branches:
Dungeon (4/15)
 Temple: D:4-7

Altars:


Innate Abilities, Weirdness & Mutations

Your plain brown scales are hard. (AC +6)
You cannot fit into any form of body armour.
You are cold-blooded and may be slowed by cold attacks.


Message History

You hit the orc priest.
The orc priest is almost dead.
The adder barely misses you. The orc priest barely misses you.
You hit the orc priest.
You tail-slap the orc priest, but do no damage.
The orc priest is almost dead.
The adder bites you but does no damage.
The orc priest invokes the aid of Beogh against you.
Pain shoots through your body!
* * * LOW HITPOINT WARNING * * *
You hit the orc priest.
The orc priest is almost dead.
You feel sick. The adder barely misses you. The orc priest closely misses you.
The adder closely misses you.
You closely miss the orc priest.
The orc priest is almost dead.
The adder bites you but does no damage.
The orc priest calls down the wrath of Beogh upon you.
Beogh smites you!
You die...

########## .........#
.........# ########
.........# #......######
....)....######.S....'(...#
..............'.@....####.#
....[....######รท.o...'.<#.#
.........# #......##...#
.........# #......##.###
.....)...# #......##.#
##+###'########......#...
##.# #.# #...).......#..#
.#Y# #.# #.####......#..#
'#'###(# #...##......#..#


You could see an orc priest and an adder.

Vanquished Creatures
  A hound (D:4)
  3 orc priests (D:3)
  3 adders
  An ooze (D:2)
  3 worms
  3 dart slugs
  6 leopard geckos
  14 orcs
  5 giant cockroaches
  7 hobgoblins
  6 jackals
  3 quokkas
  3 ball pythons
  8 bats
  3 frilled lizards
  5 goblins
  9 kobolds
  11 rats
94 creatures vanquished.

Notes
Turn   | Place    | Note
-------+----------+-------------------------------------------
     0 | D:1      | Froggeryz the Draconian Venom Mage began the quest for the
                  | Orb.
     0 | D:1      | Reached XP level 1. HP: 14/14 MP: 3/3
   141 | D:1      | Reached XP level 2. HP: 20/20 MP: 3/5
   582 | D:1      | Reached skill level 4 in Poison Magic
   613 | D:1      | Reached XP level 3. HP: 19/26 MP: 6/6
  1213 | D:2      | Reached XP level 4. HP: 23/33 MP: 1/7
  1585 | D:3      | Reached skill level 5 in Poison Magic
  1936 | D:3      | Learned a level 4 spell: Olgreb's Toxic Radiance
  2028 | D:3      | Reached XP level 5. HP: 30/38 MP: 3/8
  2285 | D:3      | Reached skill level 6 in Poison Magic
  2285 | D:3      | Noticed an ice beast
  2474 | D:4      | Reached XP level 6. HP: 35/45 MP: 0/9
  2488 | D:3      | Killed from afar by an orc priest

Levels and vault maps discovered:
D:1:      psy_arrival_fountain, layout_basic
D:2:      layout_rooms
D:3:      layout_basic
D:4:      layout_rooms, first_ration, ebering_ghost_disaster_area

Skill      XL: |  1  2  3  4  5 |
---------------+----------------+-----
Poison Magic   | 4 5 6 |  6.7
Dodging        | |  1.7
Stealth        | |  1.7
Spellcasting   | |  2.2
Conjurations   | |  1.0

Action                   |  1- 3 |  4- 6 || total
-------------------------+-------+-------++-------
Melee: Unarmed           |    13 |       ||    13
       Short sword       |    13 |       ||    13
       Dagger            |    49 |    99 ||   148
       Tailslap          |     9 |    17 ||    26
 Cast: Sting             |    55 |    29 ||    84
       Olgreb's Toxic Ra |       |     7 ||     7
 Stab: Sleeping          |     2 |       ||     2
  Eat: Chunk             |     2 |     4 ||     6
Armor: Skin              |    31 |    25 ||    56
Dodge: Dodged            |    82 |    50 ||   132

Table legend:
 A = Non-vault XP
 B = Vault XP
 C = Vault XP percentage of total XP
 D = Non-vault monster count
 E = Vault monster count
 F = Vault count percentage of total count
                 A         B        C        D         E       F
            +---------+---------+-------+---------+---------+-------
      Total |     391 |       0 |   0.0 |      94 |       0 |   0.0
            +---------+---------+-------+---------+---------+-------
        D:1 |      41 |       0 |   0.0 |      25 |       0 |   0.0
        D:2 |      63 |       0 |   0.0 |      24 |       0 |   0.0
        D:3 |     237 |       0 |   0.0 |      41 |       0 |   0.0
        D:4 |      50 |       0 |   0.0 |       4 |       0 |   0.0
            +---------+---------+-------+---------+---------+-------
